AoeStats
← Chaac1706

Black Forest

506398783Analyzed
1v1 RM · 20d ago on Sep 13, 2026· 45m 56s· 2 players
Game mode
Random Map
Map size
Tiny (2 player)
Population
200
Speed
Normal
Resources
Standard
Victory
Conquest
Starting age
Dark Age
Ending age
Imperial Age
RankedLock teamsTeams togetherTeam positionsShared explorationLock speedFull tech treeHidden civsTurbo modeCheats
Victory
Defeat
🇨🇴 Muisca · Colombia
1172
+17
🇹🇷 Saracens · Türkiye
1194
-17
Chaac1706
3:50 Loom
4:14 Loom
9:48 Feudal Age
10:48 Double-Bit Axe
11:12 Horse Collar
11:25 Champi Runner
16:42 Castle Age
15:40 Gold Mining
16:37 Scale Mail Armor
17:51 Squires
22:59 Wheelbarrow
25:24 Hand Cart
26:28 Fletching
27:44 Chain Mail Armor
27:56 Forging
28:19 Heavy Plow
28:29 Bow Saw
29:20 Town Watch
30:34 Iron Casting
30:48 Town Patrol
34:38 Imperial Age
34:47 Bodkin Arrow
34:53 Padded Archer Armor
35:14 Ballistics
35:21 Bow Saw
35:49 Gold Shaft Mining
35:35 Herbalism
35:06 Crossbowman
35:53 Thumb Ring
36:34 Conscription
36:18 Bracer
36:55 Arbalester
38:04 Siege Engineers
40:11 Chemistry
39:52 Leather Archer Armor
40:42 Plate Mail Armor
40:41 Elite Temple Guard
43:32 Huaracas
Jewish MasterMind
0:47 Loom
11:29 Feudal Age
18:23 Castle Age
17:44 Double-Bit Axe
18:10 Town Watch
19:04 Wheelbarrow
18:16 Horse Collar
18:39 Man-at-Arms
19:48 Forging
21:00 Long Swordsman
25:16 Scale Mail Armor
26:07 Arson
33:49 Imperial Age
31:56 Bow Saw
35:20 Hand Cart
35:06 Town Patrol
35:11 Gold Mining
35:14 Stone Mining
36:30 Iron Casting
35:46 Fletching
36:33 Conscription
36:27 Heavy Plow
36:26 Crossbowman
37:19 Scale Barding Armor
37:55 Bodkin Arrow
39:20 Gold Shaft Mining
39:01 Bracer
40:02 Blast Furnace
38:24 Arbalester
39:10 Thumb Ring
40:47 Two-Man Saw
40:10 Chain Barding Armor
40:12 Elite Skirmisher
40:55 Padded Archer Armor
42:08 Chemistry
41:49 Ballistics
41:43 Fortified Wall
43:32 Leather Archer Armor
Connection lost

Rejoining the realm…

Still unreachable

The connection could not be restored.

Session expired

The server has moved on; the page needs a fresh start.